 Dungeon Crawl Stone Soup version 0.23-a0-650-ga4d50d4 (webtiles) character file.

1136 Lanoc the Covert (level 8, 0/39 HPs)
             Began as a Spriggan Enchanter on Jan 5, 2019.
             Was an Initiate of Ru.
             Killed from afar by an orc wizard (5 damage)
             ... with a magic dart
             ... on level 5 of the Dungeon.
             The game lasted 00:14:11 (3779 turns).

Lanoc the Covert (Spriggan Enchanter)               Turns: 3779, Time: 00:14:13

Health: 0/39       AC:  2    Str:  4    XL:     8   Next: 14%
Magic:  6/16       EV: 22    Int: 20    God:    Ru [......]
Gold:   204        SH:  0    Dex: 19    Spells: 7/16 levels left

rFire    . . .     SeeInvis +   q - +1 dagger (holy)
rCold    . . .     Gourm    .   (shield restricted)
rNeg     . . .     Faith    .   b - +0 robe
rPois    .         Spirit   .   (helmet restricted)
rElec    .         Reflect  .   (no cloak)
rCorr    .         Harm     .   (gloves unavailable)
MR       +....                  (boots unavailable)
Stlth    ++++......             (no amulet)
HPRegen  0.13/turn              s - +4 ring of intelligence
MPRegen  0.15/turn              (no ring)

@: very slightly contaminated, slowed, quick
A: very small, unfitting armour, see invisible, herbivore, speed 3, slow
metabolism 2
a: Sacrifice Courage, Sacrifice Drink, Sacrifice Love, Reject Sacrifices,
Renounce Religion


You were on level 5 of the Dungeon.
You worshipped Ru.
Ru was noncommittal.
You were not hungry.

You visited 1 branch of the dungeon, and saw 5 of its levels.

You collected 204 gold pieces.

Inventory:

Hand Weapons
 q - a +1 dagger of holy wrath (weapon)
Armour
 b - a +0 robe (worn)
Jewellery
 s - a +4 ring of intelligence (left hand)
Wands
 k - a wand of enslavement (7)
Scrolls
 c - a scroll of magic mapping {unknown}
 e - 2 scrolls of blinking {unknown}
 f - 3 scrolls of remove curse {unknown}
 g - 5 scrolls of identify {unknown}
 h - 2 scrolls of teleportation {unknown}
 i - a scroll of immolation {unknown}
 l - 2 scrolls of amnesia {unknown}
 o - 2 scrolls of fog {unknown}
 u - a scroll of enchant armour {unknown}
 v - a scroll of brand weapon {unknown}
Potions
 a - a potion of resistance {unknown}
 j - a potion of invisibility {unknown}
 m - 2 potions of haste {unknown}
 n - a potion of berserk rage {unknown}
 p - a potion of flight {unknown}
 r - a potion of might {unknown}
 t - 2 potions of heal wounds {unknown}
Comestibles
 d - 14 rations


   Skills:
 + Level 2.5 Fighting
 * Level 5.3 Short Blades
 + Level 5.6 Dodging
 * Level 8.9 Stealth
 + Level 4.7 Spellcasting
 + Level 5.2 Hexes


You had 7 spell levels left.
You knew the following spells:

 Your Spells              Type           Power        Failure   Level  Hunger
a - Corona                Hex            ####...      1%          1    None
b - Ensorcelled Hibernat  Hex/Ice        ###...       6%          2    #......
c - Tukima's Dance        Hex            ####....     4%          3    ##.....
d - Dazzling Spray        Conj/Hex       ###...       12%         3    ##.....

Your spell library contained the following spells:

 Spells                   Type           Power        Failure   Level  Hunger
 Confuse                  Hex            ####....     4%          3    ##.....


Dungeon Overview and Level Annotations

Branches:
Dungeon (5/15)
 Temple: D:4-7

Altars:
Makhleb
Ru
Vehumet

Shops:
D:4 =


Innate Abilities, Weirdness & Mutations

You are very small and have problems with some larger weapons.
You are too small for most types of armour.
You have supernaturally acute eyesight. (SInv)
You are a herbivore.
You cover ground extremely quickly.
You need to consume almost no food.


Message History

You closely miss the orc wizard.
The orc wizard is heavily wounded.
Your +0 dagger hits the orc wizard but does no damage.
The orc wizard hits you but does no damage.
You hit the orc wizard but do no damage.
The orc wizard is heavily wounded.
The orc wizard casts a spell at you. The magic dart hits you!
Your +0 dagger hits the orc wizard but does no damage.
The orc wizard gestures wildly while chanting.
The orc wizard blinks!
You don't have the energy to cast that spell.
You eat one of the 15 rations.
That ration really hit the spot!
The orc wizard points at you and mumbles some strange words.
The magic dart hits you!
* * * LOW HITPOINT WARNING * * *
Your +0 dagger hits the orc wizard but does no damage.
The orc wizard gestures at you while chanting.
The magic dart hits you!
You die...

#. #.# .. #####..
#.#############...
.......###.##o.............
#.###........(.§@).......#
................)..).....#
..###......##.##.#########
#.#.........#.##.#
#................#
#<...[......#....#
#.###.........##.#
#.###.#......†##.#
#.....#.......##.#


You could see an orc wizard and a friendly +0 dagger.

Vanquished Creatures
  Sigmund (D:3)
  2 ogres (D:4)
  A bullfrog (D:5)
  3 scorpions
  2 crimson imps
  3 hounds (D:4)
  A bullfrog skeleton (D:5)
  An orc priest (D:5)
  A centaur skeleton (D:5)
  3 orc wizards (D:5)
  Natasha (thrice) (D:2)
  2 worker ants (D:4)
  A hound skeleton (D:5)
  5 adders
  A shadow imp (D:5)
  An ooze (D:3)
  A worm (D:4)
  4 dart slugs
  4 leopard geckos
  6 orcs
  A ball python (D:1)
  2 giant cockroaches (D:3)
  15 goblins
  7 hobgoblins
  A quokka (D:2)
  8 bats
  3 frilled lizards
  6 kobolds
  6 rats
95 creatures vanquished.

Notes
Turn   | Place    | Note
-------+----------+-------------------------------------------
     0 | D:1      | Lanoc the Spriggan Enchanter began the quest for the Orb.
     0 | D:1      | Reached XP level 1. HP: 9/9 MP: 5/5
   245 | D:1      | Reached XP level 2. HP: 12/13 MP: 6/6
   249 | D:1      | Learned a level 2 spell: Ensorcelled Hibernation
   783 | D:2      | Reached skill level 5 in Stealth
   808 | D:2      | Noticed Natasha
   817 | D:2      | Reached XP level 3. HP: 9/17 MP: 8/8
   840 | D:2      | Killed Natasha
  1143 | D:2      | Found a faded altar of an unknown god.
  1170 | D:2      | Became a worshipper of Ru the Awakened
  1207 | D:2      | Noticed Natasha
  1243 | D:2      | Killed Natasha
  1243 | D:2      | Reached XP level 4. HP: 13/21 MP: 0/9
  1458 | D:2      | Noticed Natasha
  1465 | D:2      | Killed Natasha
  1465 | D:2      | Reached skill level 1 in Fighting
  1595 | D:2      | Learned a level 3 spell: Tukima's Dance
  1599 | D:2      | Learned a level 3 spell: Dazzling Spray
  1711 | D:3      | Reached XP level 5. HP: 25/25 MP: 7/11
  1801 | D:3      | Noticed Sigmund
  1804 | D:3      | Killed Sigmund
  1804 | D:3      | Reached skill level 6 in Stealth
  1804 | D:3      | Reached XP level 6. HP: 30/30 MP: 8/12
  2698 | D:4      | Reached skill level 7 in Stealth
  2808 | D:4      | Reached XP level 7. HP: 30/34 MP: 2/14
  3011 | D:4      | Reached skill level 5 in Dodging
  3041 | D:4      | Found Vuneor's Jewellery Boutique.
  3176 | D:4      | Found a radiant altar of Vehumet.
  3177 | D:4      | Found a burning altar of Makhleb.
  3194 | D:4      | Reached skill level 8 in Stealth
  3256 | D:5      | Entered Level 5 of the Dungeon
  3405 | D:5      | Reached skill level 5 in Hexes
  3522 | D:5      | Reached skill level 5 in Short Blades
  3640 | D:5      | Reached XP level 8. HP: 19/39 MP: 8/15
  3779 | D:5      | Killed from afar by an orc wizard

Vault maps used:
D:1:      dpeg_arrival_erosion, minivault_19
D:2:      chequers_ecumenical_altar_island, uniq_natasha
D:3:      overflow_temple_1_default, uniq_sigmund
D:4:      wander_river, grunt_temple_overflow_lords_of_destruction,
          serial_shops, nicolae_shop_temple_entry_statues_fountains,
          first_ration, minmay_stone_trees_medium, minmay_ogre_servants
D:5:      kennysheep_okawaru_gauntlet

Skill      XL: |  1  2  3  4  5  6  7 |
---------------+----------------------+-----
Stealth        | 5 6 7 8 |  8.9
Short Blades   | 2 3 4 5 |  5.3
Spellcasting   | 3 4 |  4.7
Fighting       | 1 2 |  2.5
Hexes          | 4 5 |  5.2
Dodging        | 4 5 |  5.6

Action                   |  1- 3 |  4- 6 |  7- 9 || total
-------------------------+-------+-------+-------++-------
Melee: Dagger            |    64 |    94 |   125 ||   283
 Cast: Ensorcelled Hiber |    18 |    34 |    29 ||    81
       Tukima's Dance    |       |       |     3 ||     3
  Use: Potion            |     1 |       |       ||     1
 Stab: Sleeping          |    13 |    28 |    20 ||    61
       Distracted        |       |     1 |       ||     1
  Eat: Ration            |       |     1 |     1 ||     2
Armor: Robe              |     2 |     6 |     2 ||    10
Dodge: Dodged            |    44 |    81 |    78 ||   203

Table legend:
 A = Non-vault XP
 B = Vault XP
 C = Vault XP percentage of total XP
 D = Non-vault monster count
 E = Vault monster count
 F = Vault count percentage of total count
                 A         B        C        D         E       F
            +---------+---------+-------+---------+---------+-------
      Total |    1170 |     454 |  28.0 |      83 |      12 |  12.6
            +---------+---------+-------+---------+---------+-------
        D:1 |      21 |       0 |   0.0 |      11 |       0 |   0.0
        D:2 |     128 |      35 |  21.5 |      20 |       1 |   4.8
        D:3 |      65 |     227 |  77.7 |      22 |       1 |   4.3
        D:4 |     396 |     192 |  32.7 |      11 |      10 |  47.6
        D:5 |     560 |       0 |   0.0 |      19 |       0 |   0.0
            +---------+---------+-------+---------+---------+-------
